3AAA
ELLENBURG FIGHTING DACHSUNDS @ SIOUX FALLS RED PANDAS
08/28/2028
 
TOP OF THE 1ST
Ellenburg Fighting Dachsunds batting - Pitching for Sioux Falls Red Pandas : RHP Greg White
Pitching: RHP Greg White
Batting: RHB Norman Winston 0-0: Foul Ball, location: 2F
0-1: SINGLE (Line Drive, 6)
Batting: RHB José Vázquez 0-0: Ball
1-0: Swinging Strike
1-1: Ball
2-1: Foul Ball, location: 2F
2-2: Ball
3-2: Base on Balls
Norman Winston to second
Batting: RHB Héctor Rivera 0-0: Ball
1-0: Called Strike
1-1: Called Strike
1-2: Grounds into double play, 6-4-3 (Groundball, 6)
Norman Winston to third
Batting: RHB Preston Hernández 0-0: Called Strike
0-1: Swinging Strike
0-2: Fly out, F7 (Flyball, 7LM)
Top of the 1st over - 0 run(s), 1 hit(s), 0 error(s), 1 left on base; Ellenburg 0 - Sioux Falls 0
BOTTOM OF THE 1ST
Sioux Falls Red Pandas batting - Pitching for Ellenburg Fighting Dachsunds : RHP Rob Silva
Pitching: RHP Rob Silva
Batting: SHB Raúl Duarte 0-0: Ball
1-0: Called Strike
1-1: Foul Ball, location: 2F
1-2: Foul Ball, location: 2F
1-2: Ball
2-2: DOUBLE (Line Drive, 78M)
Batting: RHB Jorge Díaz 0-0: Foul Ball, location: 2F
0-1: Fly out, F7 (Flyball, 78M)
Batting: LHB Magali Lenidas 0-0: Ground out 3-1 (Groundball, 34)
Raúl Duarte to third
Batting: LHB Toyokazu Asano 0-0: Called Strike
0-1: Called Strike
0-2: Ball
1-2: Strikes out looking
Bottom of the 1st over - 0 run(s), 1 hit(s), 0 error(s), 1 left on base; Ellenburg 0 - Sioux Falls 0
TOP OF THE 2ND
Ellenburg Fighting Dachsunds batting - Pitching for Sioux Falls Red Pandas : RHP Greg White
Batting: RHB Peter Heard 0-0: SINGLE (Groundball, 6MD)
Batting: LHB José Ortega 0-0: Ball
1-0: Ball
2-0: Foul Ball, location: 2F
2-1: Called Strike
2-2: Strikes out swinging
Batting: RHB Jack Burton 0-0: Ball
1-0: Ball
2-0: Called Strike
2-1: Ball
3-1: Foul Ball, location: 2F
3-2: Foul Ball, location: 2F
3-2: Base on Balls
Peter Heard to second
Batting: RHB Marty Jennings 0-0: Called Strike
0-1: Ball
1-1: Ball
2-1: Ball
3-1: Foul Ball, location: 2F
3-2: Foul Ball, location: 2F
3-2: Base on Balls
Peter Heard to third
Jack Burton to second
Batting: RHB Roy Bowman 0-0: Grounds into double play, 4-6-3 (Groundball, 34)
Top of the 2nd over - 0 run(s), 1 hit(s), 0 error(s), 2 left on base; Ellenburg 0 - Sioux Falls 0
BOTTOM OF THE 2ND
Sioux Falls Red Pandas batting - Pitching for Ellenburg Fighting Dachsunds : RHP Rob Silva
Batting: RHB Alan Rosales 0-0: Called Strike
0-1: Called Strike
0-2: Foul Ball, location: 2F
0-2: Ball
1-2: Ball
2-2: Ground out 6-3 (Groundball, 6)
Batting: LHB Joe Sutton 0-0: Called Strike
0-1: Ball
1-1: Foul Ball, location: 2F
1-2: Strikes out swinging
Batting: RHB Nathan Landrum 0-0: Foul Ball, location: 2F
0-1: Ball
1-1: Called Strike
1-2: Strikes out swinging
Bottom of the 2nd over - 0 run(s), 0 hit(s), 0 error(s), 0 left on base; Ellenburg 0 - Sioux Falls 0
TOP OF THE 3RD
Ellenburg Fighting Dachsunds batting - Pitching for Sioux Falls Red Pandas : RHP Greg White
Batting: RHB Norman Winston 0-0: Ground out 4-3 (Groundball, 4)
Batting: RHB José Vázquez 0-0: Ball
1-0: Ball
2-0: Ball
3-0: Base on Balls
Batting: RHB Héctor Rivera 0-0: Ball
1-0: SINGLE (Groundball, 34D)
José Vázquez to second
Throwing error, E9
José Vázquez scores
Héctor Rivera to second
Batting: RHB Preston Hernández 0-0: Swinging Strike
0-1: Ball
1-1: DOUBLE (Line Drive, 89D)
Héctor Rivera scores
Batting: RHB Peter Heard 0-0: Foul Ball, location: 2F
0-1: Called Strike
0-2: Ball
1-2: Ball
2-2: Foul Ball, location: 2F
2-2: Strikes out looking
Batting: LHB José Ortega 0-0: Foul Ball, location: 2F
0-1: Called Strike
0-2: Strikes out looking
Top of the 3rd over - 2 run(s), 2 hit(s), 1 error(s), 1 left on base; Ellenburg 2 - Sioux Falls 0
BOTTOM OF THE 3RD
Sioux Falls Red Pandas batting - Pitching for Ellenburg Fighting Dachsunds : RHP Rob Silva
Batting: RHB Mark Allen 0-0: Called Strike
0-1: Ball
1-1: Ball
2-1: Ball
3-1: Swinging Strike
3-2: Base on Balls
Batting: RHB Alfredo Chávez 0-0: Called Strike
0-1: Ground out 5-3 (Groundball, 56S)
Mark Allen to second
Batting: SHB Raúl Duarte 0-0: Ball
1-0: Called Strike
1-1: Ball
2-1: Ball
3-1: Foul Ball, location: 2F
3-2: Base on Balls
Batting: RHB Jorge Díaz 0-0: Foul Ball, location: 2F
0-1: Ball
1-1: Fly out, F9 (Flyball, 9S)
Batting: LHB Magali Lenidas 0-0: Foul Ball, location: 2F
0-1: Foul Ball, location: 2F
0-2: Ball
1-2: Ball
2-2: Fly out, F9 (Line Drive, 9)
Bottom of the 3rd over - 0 run(s), 0 hit(s), 0 error(s), 2 left on base; Ellenburg 2 - Sioux Falls 0
TOP OF THE 4TH
Ellenburg Fighting Dachsunds batting - Pitching for Sioux Falls Red Pandas : RHP Greg White
Batting: RHB Jack Burton 0-0: Ball
1-0: Swinging Strike
1-1: Ground out 6-3 (Groundball, 6)
Batting: RHB Marty Jennings 0-0: Ball
1-0: Called Strike
1-1: Ground out 6-3 (Groundball, 6)
Batting: RHB Roy Bowman 0-0: Called Strike
0-1: Ball
1-1: Ground out 4-3 (Groundball, 4M)
Top of the 4th over - 0 run(s), 0 hit(s), 0 error(s), 0 left on base; Ellenburg 2 - Sioux Falls 0
BOTTOM OF THE 4TH
Sioux Falls Red Pandas batting - Pitching for Ellenburg Fighting Dachsunds : RHP Rob Silva
Batting: LHB Toyokazu Asano 0-0: Ball
1-0: Called Strike
1-1: Foul Ball, location: 2F
1-2: Strikes out swinging
Batting: RHB Alan Rosales 0-0: Ball
1-0: Called Strike
1-1: Ball
2-1: Swinging Strike
2-2: Foul Ball, location: 2F
2-2: Strikes out swinging
Batting: LHB Joe Sutton 0-0: Called Strike
0-1: Called Strike
0-2: Ball
1-2: Foul Ball, location: 2F
1-2: Ball
2-2: Ground out 4-3 (Groundball, 4)
Bottom of the 4th over - 0 run(s), 0 hit(s), 0 error(s), 0 left on base; Ellenburg 2 - Sioux Falls 0
TOP OF THE 5TH
Ellenburg Fighting Dachsunds batting - Pitching for Sioux Falls Red Pandas : RHP Greg White
Batting: RHB Norman Winston 0-0: Ground out 6-3 (Groundball, 6M)
Batting: RHB José Vázquez 0-0: SINGLE (Groundball, 6MD)
Batting: RHB Héctor Rivera 0-0: Called Strike
0-1: Swinging Strike
0-2: Ball
1-2: Grounds into double play, 4-6-3 (Groundball, 4)
Top of the 5th over - 0 run(s), 1 hit(s), 0 error(s), 0 left on base; Ellenburg 2 - Sioux Falls 0
BOTTOM OF THE 5TH
Sioux Falls Red Pandas batting - Pitching for Ellenburg Fighting Dachsunds : RHP Rob Silva
Batting: RHB Nathan Landrum 0-0: Called Strike
0-1: Swinging Strike
0-2: Ground out 1-3 (Groundball, 15)
Batting: RHB Mark Allen 0-0: SINGLE (Flyball, 7LS)
Batting: RHB Alfredo Chávez 0-0: Ball
1-0: Foul Ball, location: 2F
1-1: Called Strike
1-2: Strikes out swinging
Batting: SHB Raúl Duarte 0-0: Ball
1-0: Ball
2-0: Ball
3-0: Base on Balls
Mark Allen to second
Batting: RHB Jorge Díaz 0-0: Called Strike
0-1: Ball
1-1: SINGLE (Line Drive, 78S)
Mark Allen to third
Raúl Duarte to second
Batting: LHB Magali Lenidas 0-0: Fly out, F9 (Flyball, 89M)
Bottom of the 5th over - 0 run(s), 2 hit(s), 0 error(s), 3 left on base; Ellenburg 2 - Sioux Falls 0
TOP OF THE 6TH
Ellenburg Fighting Dachsunds batting - Pitching for Sioux Falls Red Pandas : RHP Greg White
Batting: RHB Preston Hernández 0-0: Ball
1-0: Ball
2-0: Called Strike
2-1: Ball
3-1: Foul Ball, location: 2F
3-2: Foul Ball, location: 2F
3-2: DOUBLE (Line Drive, 9LD)
Batting: RHB Peter Heard 0-0: Called Strike
0-1: SINGLE (Flyball, 89S)
Preston Hernández to third
Batting: LHB José Ortega 0-0: Foul Ball, location: 2F
0-1: Ball
1-1: Ball
2-1: Swinging Strike
2-2: Ball
3-2: Strikes out swinging
Pitching: RHP Loeck Visser
Batting: RHB Jack Burton 0-0: Ball
Peter Heard steals 2nd base
1-0: Foul Ball, location: 2F
1-1: SINGLE (Line Drive, 78S)
Preston Hernández scores
Peter Heard to third
Runner from 3rd tries for Home, SAFE, no throw
Batting: RHB Marty Jennings 0-0: Called Strike
0-1: Ball
1-1: Foul Ball, location: 2F
1-2: Ball
2-2: Ball
Wild Pitch!
Jack Burton to second
3-2: Fly out, F8 (Flyball, 8RM)
Batting: RHB Roy Bowman 0-0: Called Strike
0-1: SINGLE (Groundball, 56D)
Jack Burton to third
Runner from 3rd tries for Home, SAFE, no throw
Batting: RHB Norman Winston 0-0: Called Strike
0-1: Swinging Strike
0-2: Hit by Pitch
Roy Bowman to second
Batting: RHB José Vázquez 0-0: Foul Ball, location: 2F
0-1: Called Strike
0-2: Foul Ball, location: 2F
0-2: Ground out 1-3 (Groundball, P)
Top of the 6th over - 3 run(s), 4 hit(s), 0 error(s), 2 left on base; Ellenburg 5 - Sioux Falls 0
BOTTOM OF THE 6TH
Sioux Falls Red Pandas batting - Pitching for Ellenburg Fighting Dachsunds : RHP Rob Silva
Batting: LHB Toyokazu Asano 0-0: Called Strike
0-1: Ground out 4-3 (Groundball, 4)
Batting: RHB Alan Rosales 0-0: Called Strike
0-1: Fly out, F6 (Popup, 6M)
Batting: LHB Joe Sutton 0-0: Foul Ball, location: 2F
0-1: Ball
1-1: Ball
2-1: Ground out 4-3 (Groundball, 4)
Bottom of the 6th over - 0 run(s), 0 hit(s), 0 error(s), 0 left on base; Ellenburg 5 - Sioux Falls 0
TOP OF THE 7TH
Ellenburg Fighting Dachsunds batting - Pitching for Sioux Falls Red Pandas : RHP Loeck Visser
Batting: RHB Héctor Rivera 0-0: Called Strike
0-1: Swinging Strike
0-2: Strikes out swinging
Batting: RHB Preston Hernández 0-0: SOLO HOME RUN (Flyball, 78XD), Distance : 460 ft
Batting: RHB Peter Heard 0-0: Foul Ball, location: 2F
0-1: Ball
1-1: SINGLE (Groundball, 5S) (infield hit)
Batting: LHB José Ortega 0-0: Ball
1-0: Ball
2-0: Ball
3-0: Called Strike
3-1: Fielders Choice at 2nd, 4-6 (Groundball, 4)
Batting: RHB Jack Burton 0-0: Called Strike
0-1: Ball
1-1: Foul Ball, location: 2F
1-2: Ball
2-2: Fly out, F7 (Flyball, 78S)
Top of the 7th over - 1 run(s), 2 hit(s), 0 error(s), 1 left on base; Ellenburg 6 - Sioux Falls 0
BOTTOM OF THE 7TH
Sioux Falls Red Pandas batting - Pitching for Ellenburg Fighting Dachsunds : RHP Rob Silva
Batting: RHB Nathan Landrum 0-0: Ball
1-0: Swinging Strike
1-1: Swinging Strike
1-2: Strikes out swinging
Batting: RHB Mark Allen 0-0: Ball
1-0: Foul Ball, location: 2F
1-1: Ball
2-1: Foul Ball, location: 2F
2-2: Ground out 6-3 (Groundball, 6)
Batting: RHB Alfredo Chávez 0-0: Foul Ball, location: 2F
0-1: Ball
1-1: Foul Ball, location: 2F
1-2: Foul Ball, location: 2F
1-2: Ball
2-2: Foul Ball, location: 2F
2-2: Foul Ball, location: 2F
2-2: Ball
3-2: Strikes out swinging
Bottom of the 7th over - 0 run(s), 0 hit(s), 0 error(s), 0 left on base; Ellenburg 6 - Sioux Falls 0
TOP OF THE 8TH
Ellenburg Fighting Dachsunds batting - Pitching for Sioux Falls Red Pandas : RHP Loeck Visser
Batting: RHB Marty Jennings 0-0: Ball
1-0: Ball
2-0: Ground out 6-3 (Groundball, 6)
Batting: RHB Roy Bowman 0-0: Called Strike
0-1: Swinging Strike
0-2: Ball
1-2: Ball
2-2: Strikes out swinging
Batting: RHB Norman Winston 0-0: Ball
1-0: Ball
2-0: SINGLE (Groundball, 56D)
Batting: RHB José Vázquez 0-0: Called Strike
Norman Winston steals 2nd base
0-1: Swinging Strike
0-2: Ball
1-2: SINGLE (Groundball, 56D)
Norman Winston to third
Runner from 3rd tries for Home, SAFE, no throw
Batting: RHB Héctor Rivera 0-0: Called Strike
0-1: Ball
1-1: Ball
2-1: Foul Ball, location: 2F
2-2: Strikes out swinging
Top of the 8th over - 1 run(s), 2 hit(s), 0 error(s), 1 left on base; Ellenburg 7 - Sioux Falls 0
BOTTOM OF THE 8TH
Sioux Falls Red Pandas batting - Pitching for Ellenburg Fighting Dachsunds : RHP Rob Silva
Batting: SHB Raúl Duarte 0-0: Called Strike
0-1: Ball
1-1: Swinging Strike
1-2: Strikes out looking
Pitching: LHP Bill Edmonds
Batting: RHB Jorge Díaz 0-0: Ball
1-0: Called Strike
1-1: Called Strike
1-2: Strikes out looking
Batting: LHB Magali Lenidas 0-0: Ball
1-0: Ground out 3-1 (Groundball, 34)
Bottom of the 8th over - 0 run(s), 0 hit(s), 0 error(s), 0 left on base; Ellenburg 7 - Sioux Falls 0
TOP OF THE 9TH
Ellenburg Fighting Dachsunds batting - Pitching for Sioux Falls Red Pandas : RHP Loeck Visser
Pitching: RHP Wyatt Meek
Batting: RHB Preston Hernández 0-0: Ball
1-0: Ball
2-0: Called Strike
2-1: Foul Ball, location: 2F
2-2: Strikes out looking
Batting: RHB Peter Heard 0-0: Swinging Strike
0-1: Fly out, F4 (Popup, 4D)
Batting: LHB José Ortega 0-0: DOUBLE (Line Drive, 89XD)
Batting: RHB Jack Burton 0-0: Ball
1-0: Foul Ball, location: 2F
1-1: Swinging Strike
1-2: Foul Ball, location: 2F
1-2: SINGLE (Groundball, 56D) (infield hit)
José Ortega to third
Batting: RHB Marty Jennings 0-0: Foul Ball, location: 2F
0-1: Fielders Choice at 2nd, 6-4 (Groundball, 56)
Top of the 9th over - 0 run(s), 2 hit(s), 0 error(s), 1 left on base; Ellenburg 7 - Sioux Falls 0
BOTTOM OF THE 9TH
Sioux Falls Red Pandas batting - Pitching for Ellenburg Fighting Dachsunds : LHP Bill Edmonds
Now at 2B: Ron Johnston
Batting: LHB Toyokazu Asano 0-0: Called Strike
0-1: Ball
1-1: Fly out, F7 (Flyball, 7LSF)
Batting: RHB Alan Rosales 0-0: Ball
1-0: Called Strike
1-1: Ball
2-1: Foul Ball, location: 2F
2-2: Foul Ball, location: 2F
2-2: Foul Ball, location: 2F
2-2: Fly out, F9 (Flyball, 9LD)
Batting: LHB Joe Sutton 0-0: Ball
1-0: Called Strike
1-1: Ball
2-1: Foul Ball, location: 2F
2-2: Foul Ball, location: 2F
2-2: Foul Ball, location: 2F
2-2: Ball
3-2: Foul Ball, location: 2F
3-2: Strikes out swinging
Bottom of the 9th over - 0 run(s), 0 hit(s), 0 error(s), 0 left on base; Ellenburg 7 - Sioux Falls 0
Wednesday, August 30th, 2017 - OOTP Baseball 17.12 Build 75